Map: Iron Fortress LE (Void)

Players

Jemil

  • Race: Zerg Zerg

AgCl - Winner!

  • Race: Protoss Protoss

VOD

Have the link to the VOD?

Description

Time

  • Played on: May 3, 2015, 5:50 a.m.
  • Length: 11:16
Show
View Real Time Build Order
Export as new Build Order

Jemil Zerg 

Build Orders: Pool First, Zergling Baneling 

Get SALT Encoding   

  12  0:01  Drone  
  13  0:13  Overlord  
  13  0:21  Drone  
  14  0:31  Drone x2  
  16  0:36  Drone  
  17  0:46  Spawning Pool  
  17  0:48  Drone  
  17  0:52  Extractor  
  16  0:59  Drone  
  17  1:22  Drone  
  17  1:23  Hatchery  
  17  1:24  Drone  
  18  1:33  Overlord  
  18  1:51  Queen  
  20  1:58  Zergling x4  
  22  2:03  Metabolic Boost  
  22  2:06  Zergling x2  
  23  2:13  Zergling x2  
  24  2:24  Drone  
  24  2:29  Baneling Nest, Queen  
  26  2:35  Overlord  
  26  2:36  Drone  
  27  2:55  Overlord  
  26  3:10  Zergling x10  
  26  3:11  Zergling x6  
  29  3:21  Overlord  
  28  3:34  Queen  
  28  3:38  Drone x3  
  33  3:50  Zergling x4  
  33  3:51  Zergling x2  
  33  3:53  Baneling x4  
  33  3:54  Baneling  
  36  3:56  Baneling  
  36  4:03  Drone x2  
  35  4:21  Drone x3  
  35  4:22  Drone x3  
  40  4:31  Baneling x3  
  40  4:32  Baneling x3  
  40  4:37  Drone x3  
  43  4:38  Extractor  
  42  4:50  Drone x4  
  46  4:54  Drone x4  
  46  4:56  Drone  
  48  5:13  Overlord  
  48  5:14  Drone x3  
  48  5:15  Drone x2  
  51  5:26  Lair  
  51  5:28  Extractor  
  50  5:32  Extractor  
  50  5:35  Drone x3  
  51  5:36  Roach Warren  
  51  5:38  Hatchery  
  50  5:44  Spore Crawler  
  50  5:48  Drone x6  
  39  6:07  Spore Crawler  
  39  6:09  Zergling x4  
  39  6:10  Zergling x10  
  43  6:25  Drone x5  
  48  6:42  Queen  
  48  6:43  Queen  
  52  6:51  Spore Crawler  
  51  6:57  Baneling  
  51  6:58  Infestation Pit, Baneling x2  
  51  6:59  Baneling  
  51  7:00  Queen  
  52  7:01  Drone  
  52  7:02  Drone x3  
  56  7:11  Drone x5  
  61  7:18  Drone  
  61  7:19  Drone x2  
  61  7:21  Queen  
  60  7:40  Roach  
  60  7:41  Roach x5  
  69  7:48  Spore Crawler  
  66  7:51  Spine Crawler  
  69  8:09  Drone  
  69  8:11  Spore Crawler, Overlord x3  
  67  8:39  Burrow  
  82  9:16  Overlord x2  
  82  9:17  Overlord  
  82  9:19  Roach x5  
  92  9:36  Evolution Chamber  
  90  10:16  Hatchery  
  90  10:17  Zergling x2  
  90  10:18  Zergling x38  
  109  10:37  Swarm Host  
  112  10:55  Hydralisk Den  
Show
View Real Time Build Order
Export as new Build Order

AgCl Protoss - Winner!

Build Orders:  

Get SALT Encoding   

  12  0:03  Probe  
  13  0:15  Probe  
  14  0:29  Pylon  
  14  0:34  Assimilator  
  14  0:47  Gateway  
  14  0:48  Probe (Chrono Boost)  
  15  1:00  Probe (Chrono Boost)  
  16  1:08  Probe (Chrono Boost)  
  17  1:18  Probe  
  18  1:26  Pylon  
  18  1:29  Zealot  
  18  1:30  Probe (Chrono Boost)  
  19  1:34  Cybernetics Core  
  21  1:42  Probe (Chrono Boost)  
  22  1:50  Probe (Chrono Boost)  
  23  1:55  Assimilator  
  23  1:59  Probe  
  24  2:02  Zealot  
  26  2:11  Probe  
  27  2:15  Warp Gate (Chrono Boost)  
  27  2:23  Mothership Core  
  29  2:34  Nexus  
  29  2:44  Probe  
  30  2:58  Pylon  
  30  3:10  Pylon  
  30  3:21  Probe (Chrono Boost)  
  30  3:24  Sentry  
  30  3:28  Gateway  
  30  3:29  Gateway  
  30  3:30  Probe (Chrono Boost)  
  29  3:34  Pylon  
  29  3:39  Probe (Chrono Boost)  
  29  3:40  Pylon  
  30  3:49  Probe (Chrono Boost)  
  32  3:56  Probe (Chrono Boost)  
  32  3:58  Probe (Chrono Boost)  
  32  4:00  Stargate  
  32  4:02  Probe (Chrono Boost)  
  34  4:17  Forge  
  34  4:22  Pylon  
  34  4:23  Probe x2 (Chrono Boost)  
  37  4:32  Probe (Chrono Boost), Pylon  
  37  4:35  Probe (Chrono Boost)  
  38  4:38  Pylon  
  38  4:40  Probe (Chrono Boost)  
  40  4:47  Oracle (Chrono Boost)  
  40  4:49  Probe x2 (Chrono Boost)  
  44  4:58  Gateway  
  44  5:03  Probe (Chrono Boost)  
  46  5:08  Probe (Chrono Boost)  
  46  5:12  Stalker, Probe (Chrono Boost)  
  49  5:14  Zealot  
  49  5:16  Probe (Chrono Boost)  
  52  5:25  Gateway  
  52  5:27  Gateway  
  54  5:29  Probe (Chrono Boost)  
  54  5:31  Cybernetics Core  
  54  5:35  Photon Cannon  
  53  5:36  Probe (Chrono Boost)  
  53  5:37  Assimilator  
  53  5:41  Protoss Ground Weapons Level 1 (Chrono Boost)  
  54  5:47  Probe (Chrono Boost)  
  55  5:53  Void Ray (Chrono Boost)  
  55  5:54  Probe  
  55  5:56  Probe  
  61  6:06  Probe  
  61  6:08  Probe  
  63  6:15  Assimilator  
  63  6:18  Probe  
  63  6:20  Probe, Pylon  
  65  6:29  Oracle (Chrono Boost)  
  65  6:31  Nexus  
  68  6:34  Pylon  
  68  6:36  Pylon  
  68  6:38  Probe x2, Assimilator  
  70  6:43  Assimilator  
  70  6:46  Protoss Air Weapons Level 1 (Chrono Boost)  
  70  6:50  Probe x2  
  72  6:56  Photon Cannon  
  72  7:00  Void Ray (Chrono Boost)  
  76  7:02  Probe (Chrono Boost)  
  76  7:04  Probe (Chrono Boost)  
  76  7:08  Photon Cannon  
  78  7:12  Pylon, Photon Cannon  
  78  7:14  Probe (Chrono Boost)  
  80  7:20  Probe (Chrono Boost)  
  80  7:23  Probe (Chrono Boost)  
  80  7:27  Probe  
  80  7:29  Pylon  
  80  7:47  Zealot  
  80  7:48  Zealot  
  80  7:49  Stalker  
  86  7:56  Probe (Chrono Boost)  
  88  7:59  Probe (Chrono Boost)  
  88  8:02  Pylon  
  89  8:07  Probe (Chrono Boost)  
  89  8:12  Gateway  
  90  8:13  Gateway  
  90  8:14  Gateway  
  90  8:15  Probe (Chrono Boost)  
  90  8:17  Pylon  
  90  8:24  Probe x3  
  93  8:29  Pylon  
  93  8:35  Protoss Air Armor Level 1 (Chrono Boost)  
  93  8:36  Fleet Beacon  
  93  8:37  Protoss Shields Level 1 (Chrono Boost)  
  93  8:38  Pylon  
  93  8:41  Twilight Council  
  93  8:43  Probe (Chrono Boost)  
  93  8:44  Pylon  
  96  8:48  Probe (Chrono Boost)  
  96  8:49  Probe (Chrono Boost)  
  96  8:57  Stargate  
  96  8:58  Pylon  
  96  9:02  Pylon  
  96  9:06  Photon Cannon  
  96  9:07  Carrier (Chrono Boost)  
  96  9:22  Pylon  
  96  9:23  Probe  
  103  9:33  Charge, Robotics Facility  
  103  9:35  Pylon  
  103  9:36  Carrier (Chrono Boost)  
  103  9:38  Templar Archives  
  103  9:39  Graviton Catapult (Chrono Boost), Forge  
  103  9:49  Probe  
  110  9:56  Probe  
  111  10:01  Carrier (Chrono Boost)  
  109  10:07  Pylon  
  106  10:18  Probe  
  113  10:22  Probe  
  114  10:38  Observer (Chrono Boost)  
  121  10:53  Observer (Chrono Boost)  
Tags
 
Add a new tag
Caveats
  • Supply blocks, unpowered buildings, or Contaminate may cause inaccurate times.
  • Supply counts are checked every 10 seconds.